 Dungeon Crawl Stone Soup version 0.31.0-9-g3a7656b989 (webtiles) character file.

Game seed: 2851789403348745045

154 Destapler the Ruffian (level 5, -1/38 HPs)
             Began as a Demonspawn Shapeshifter on Feb 1, 2024.
             Was a Believer of Lugonu.
             Slain by an orc priest
             ... wielding a +0 hand axe
              (2 damage)
             ... on level 3 of the Dungeon.
             The game lasted 00:03:32 (2024 turns).

Destapler the Ruffian (Demonspawn Shapeshifter)     Turns: 2024, Time: 00:03:32

Health: -1/38      AC:  6    Str: 16    XL:     5   Next: 13%
Magic:  6/6        EV:  9    Int: 14    God:    Lugonu [**....]
Gold:   134        SH:  4    Dex: 11    Spells: 4/4 levels left

rFire   . .          .
                       - Unarmed
rCold   + . .        (no shield)
rNeg    . . .        a - +0 animal skin
rPois   .            (helmet currently unavailable)
rElec   .            (cloak currently unavailable)
rCorr   .            (gloves currently unavailable)
SInv    .            (boots currently unavailable)
Will    .....        (no amulet)
Stlth   +            h - +4 ring of protection
HPRegen 0.26/turn    (no ring)
MPRegen 0.10/turn

%: no passive effects
@: mighty, brilliant, beast-form, constricted
A: beast (slay +1), hooves 2, condensation shield, horns 1, clever 1, cold
resistance 1, MP-powered wands
a: Begin Untransformation, Renounce Religion, Depart the Abyss, Banish


You were on level 3 of the Dungeon.
You worshipped Lugonu.
Lugonu was pleased with you.
You were a hulking beast.
You visited 1 branch of the dungeon, and saw 3 of its levels.

You collected 134 gold pieces.

Inventory:

Missiles
 l - 8 poisoned darts (quivered)
 m - 6 boomerangs
Armour
 a - a +0 animal skin (worn)
Jewellery
 h - a +4 ring of protection (left hand)
Talismans
 c - a beast talisman
 d - a flux talisman
Wands
 i - a wand of roots (8)
Scrolls
 b - a scroll of poison {unknown}
 e - a scroll of summoning {unknown}
 f - 3 scrolls of identify {unknown}
 j - a scroll of amnesia {unknown}
 k - a scroll of blinking {unknown}
 p - a scroll of noise {unknown}
 r - 2 scrolls of teleportation {unknown}
 s - a scroll of vulnerability {unknown}
Potions
 g - 2 potions of mutation
 q - a potion of berserk rage {unknown}


   Skills:
 + Level 2.1 Fighting
 - Level 3.0 Dodging
 + Level 3.4 Unarmed Combat
 + Level 2.3 Invocations
 + Level 3.2 Shapeshifting


You had 4 spell levels left.
You didn't know any spells.
Your spell library contained the following spells:

 Spells                   Type           Power      Damage    Failure   Level
 Static Discharge         Conj/Air       0%         3-3/arc   41%         2
 Airstrike                Air            0%         2d(0-16)  96%         4
 Summon Lightning Spire   Summ/Air       0%         N/A       96%         4


Dungeon Overview and Level Annotations

Branches:
Dungeon (3/15)

Altars:
Lugonu


Innate Abilities, Weirdness & Mutations

You are a hulking beast.
Your limbs bulge with bestial killing power. (Slay +1)
You have hoof-like feet.
A meltable shield of frost defends you. (SH +4)
You have a pair of small horns on your head.
Your mind is acute. (Int +4, Str/Dex -1)
Your flesh is cold resistant. (rC+)
You expend magic power (3 MP) to strengthen your wands.


Message History

You closely miss the orc priest.
The orc priest is moderately wounded.
You block the ball python's attack. The ball python barely misses you.
The orc priest mumbles some strange prayers to Beogh against you.
Pain shoots through your body!
* * * LOW HITPOINT WARNING * * *
You hit the orc priest. Your kick misses the orc priest.
The orc priest is heavily wounded.
The ball python bites you but does no damage.
The ball python closely misses you.
You closely miss the orc priest.
The orc priest is heavily wounded.
The orc priest mumbles some strange prayers to Beogh against you.
Pain shoots through your body!
* * * LOW HITPOINT WARNING * * *
The ball python barely misses you. The ball python grabs you.
The ball python constricts you.
* * * LOW HITPOINT WARNING * * *
It was a potion of mutation.
You feel extremely strange.
You feel resistant to cold.
You feel your magical essence link to the dungeon's wands.
A pair of horns grows on your head!
You feel clever. The orc priest barely misses you. The ball python bites you.
* * * LOW HITPOINT WARNING * * *
The ball python constricts you.
You hit the orc priest but do no damage.
The orc priest is heavily wounded.
The ball python bites you but does no damage.
The ball python constricts you.
The orc priest hits you but does no damage.
It was a potion of brilliance.
You feel clever all of a sudden. The ball python completely misses you.
The ball python constricts you.
The orc priest hits you with a +0 hand axe.
* * * LOW HITPOINT WARNING * * *
You block the ball python's attack. The ball python constricts you.
It was a potion of might.
You feel very mighty all of a sudden.
The orc priest hits you with a +0 hand axe.
You die...

#......###.####.#
#.#.#####...##
#.#.# #.....# .
..# ##...##
##.### ##.## #.
#.# # #.# ##'##
#h..# #So<..#
#.......#
..........#
...........'.
##..........###
#.#.......##
#.##.....##


You could see an orc priest and a ball python.

Vanquished Creatures
  A black bear (D:3)
  2 adders (D:2)
  A ribbon worm (D:2)
  2 orcs (D:3)
  5 endoplasms
  3 giant cockroaches
  4 goblins
  3 hobgoblins
  A quokka (D:2)
  4 ball pythons
  5 bats
  5 frilled lizards
  2 kobolds
  4 rats
42 creatures vanquished.

Notes
Turn   | Place    | Note
-------+----------+-------------------------------------------
     0 | D:1      | Destapler the Demonspawn Shapeshifter began the quest for
                  | the Orb.
     0 | D:1      | Reached XP level 1. HP: 15/15 MP: 1/1
   177 | D:1      | Found a faded altar of an unknown god.
   223 | D:1      | Prayed at the altar of an unknown god.
   223 | D:1      | Became a worshipper of Lugonu the Unformed
   223 | D:1      | Reached * piety under Lugonu
   348 | D:1      | Gained mutation: You have large cloven feet. [demonic
                  | ancestry]
   348 | D:1      | Reached XP level 2. HP: 21/21 MP: 2/2
   577 | D:1      | Reached skill level 1 in Invocations
   882 | D:2      | Reached XP level 3. HP: 23/26 MP: 3/3
  1578 | D:3      | Noticed a black bear
  1587 | D:3      | Killed a black bear
  1588 | D:3      | Gained mutation: A meltable shield of frost defends you.
                  | (SH +4) [demonic ancestry]
  1588 | D:3      | Reached XP level 4. HP: 33/33 MP: 5/5
  1588 | D:3      | Gained mutation: You have hoof-like feet. [demonic
                  | ancestry]
  1588 | D:3      | Reached XP level 5. HP: 38/38 MP: 6/6
  2014 | D:3      | Reached ** piety under Lugonu
  2021 | D:3      | Gained mutation: Your flesh is cold resistant. (rC+)
                  | [potion of mutation]
  2021 | D:3      | Gained mutation: You expend magic power (3 MP) to
                  | strengthen your wands. [potion of mutation]
  2021 | D:3      | Gained mutation: You have a pair of small horns on your
                  | head. [potion of mutation]
  2021 | D:3      | Gained mutation: Your mind is acute. (Int +4, Str/Dex -1)
                  | [potion of mutation]
  2023 | D:3      | HP: 1/38 [orc priest/+0 hand axe (1)]
  2024 | D:3      | Slain by an orc priest

Illustrated notes

Levels and vault maps discovered:
D:1:      amcnicky_arrival_feature_with_door, layout_rooms,
          hellmonk_ecumenical_altar_lost_god, serial_forest,
          infiniplex_forest_straight_2, infiniplex_forest_clump_large,
          infiniplex_forest_straight_2, infiniplex_forest_clump_small,
          infiniplex_forest_pool, infiniplex_forest_clump_medium,
          infiniplex_forest_end_2, bh_walls_and_bars
D:2:      layout_basic
D:3:      layout_loops_corners

Skill      XL: |  1  2  3 |
---------------+----------+-----
Dodging        | 2 3 |  3.0
Invocations    | 1 2 |  2.3
Unarmed Combat | 3 |  3.4
Fighting       | 2 |  2.1
Shapeshifting  | 3 |  3.2

Action                     |  1- 3 |  4- 6 || total
---------------------------+-------+-------++-------
  Melee: Unarmed           |    87 |    26 ||   113
         Kick              |    10 |     8 ||    18
         Punch             |     2 |       ||     2
    Use: Potion            |     1 |     3 ||     4
 Armour: Animal skin       |    57 |     9 ||    66
         Skin              |     3 |       ||     3
  Dodge: Dodged            |    80 |    19 ||    99
  Block: Other             |       |     5 ||     5
